Cogmind - Beta 13 @@@ ROGUE MODE // 2024.04.05 @ 20:02:08 Player: Cherman0 Result: Destroyed by as-35602 with Assembled Heavy Rifle Performance ------------- Evolutions (0) 0 Regions Visited (2) 400 Robots Destroyed (19) 95 Value Destroyed (365) 365 Prototype IDs (0) 0 Alien Tech Used (0) 0 Bonus (0) 0 TOTAL SCORE: 860 Bonus ------- None Cogmind --------- Core Integrity 0/250 Matter 300/300 Energy 97/100 System Corruption 0% Temperature Cool (0) Movement Core (200) Ox3 Location -10/Mines Parts ------- > --- POWER (1) -------- (None) > --- PROPULSION (2) --- (None) > --- UTILITY (2) ------ Medium Storage Unit > --- WEAPON (2) ------- Small Laser > --- INVENTORY (10) --- Ion Engine Light Ion Engine Sensor Array Signal Interpreter Improved Terrain Scanner Seismic Detector EM Pulse Gun Small Laser Grenade Launcher Peak State ------------ > --- POWER ------------ Light Ion Engine > --- PROPULSION ------- Wheel Wheel > --- UTILITY ---------- Sensor Array Improved Terrain Scanner > --- WEAPON ----------- Medium Laser Mining Laser > --- INVENTORY -------- Ion Engine Light Ion Engine Wheel EM Pulse Gun [Rating: 9] Favorites ----------- Power Light Ion Engine Engine Light Ion Engine Propulsion Wheel Wheel Wheel Hover Unit Backup Propulsion I Utility Medium Storage Unit Device Sensor Array Storage Medium Storage Unit Protection Light Armor Plating Weapon Small Laser Energy Gun Small Laser Ballistic Gun Light Assault Rifle Launcher Grenade Launcher Special Weapon Mining Laser Build | -11 -10 -10 ------- Run | Yrd Mat Min Slots Evolved . | . . . Power . | . . . Propulsion . | . . . Utility . | . . . Weapon . | . . . Parts Attached 20 | 6 14 . Power 3 | 1 2 . Engine 3 | 1 2 . Core . | . . . Reactor . | . . . Propulsion 4 | 2 2 . Treads . | . . . Leg . | . . . Wheel 4 | 2 2 . Hover . | . . . Flight . | . . . Utility 4 | 1 3 . Device 2 | 1 1 . Storage 1 | . 1 . Processor . | . . . Hackware . | . . . Protection 1 | . 1 . Artifact . | . . . Weapon 9 | 2 7 . Energy Gun 6 | 2 4 . Energy Cannon . | . . . Ballistic Gun 1 | . 1 . Ballistic Cannon . | . . . Launcher 1 | . 1 . Special Weapon 1 | . 1 . Impact Weapon . | . . . Slashing Weapon . | . . . Piercing Weapon . | . . . Special Melee Weapon . | . . . Unidentified Prototypes . | . . . Parts Lost 10 | . 5 5 Power 2 | . 1 1 Propulsion 4 | . 2 2 Utility 1 | . . 1 Weapon 3 | . 2 1 Highest Loss Streak 5 | . 2 5 To Critical Strikes . | . . . Average Slot Usage (%) 93 | . 92 94 Engine 13 | . 14 13 Wheel 16 | . 18 12 Hover 7 | . 5 12 Device 4 | . 6 . Storage 13 | . 12 14 Protection 9 | . 7 12 Energy Gun 24 | . 23 27 Ballistic Gun 1 | . 1 . Naked Turns . | . . . Heaviest Build 18 | 8 18 18 Greatest Support 20 | 20 20 10 Greatest Overweight (x) 4 | . 2 4 Average Overweight (x) . | . . 1 Largest Inventory Capacity 10 | 5 10 10 Average Capacity 8 | 5 9 10 Most Carried 9 | 5 9 9 Average Carried 6 | 2 6 9 Final Capacity 10 | 5 10 10 Final Carried 9 | 4 9 9 Class Distribution -------------------- 100% | Mutant Dominant Class ---------------- Mutant | -10/Materials Mutant | -10/Mines Resources | -11 -10 -10 ----------- Run | Yrd Mat Min Matter Collected 417 | 258 159 . Remotely . | . . . Salvage Created 589 | 161 373 55 Parts 30 | 10 20 . Haulers Intercepted 1 | . 1 . Recyclers Shooed . | . . . Parts Field Recycled . | . . . Retrieved Matter . | . . . Parts Self-Destructed . | . . . Prevented . | . . . Kills | -11 -10 -10 ------- Run | Yrd Mat Min Combat Hostiles Destroyed 15 | 1 10 4 Guns 14 | 1 9 4 AOE 1 | . 1 . Classes Destroyed 8 | 3 4 1 Worker 1 | 1 . . Tunneler 4 | 4 . . Hauler 1 | . 1 . Operator 1 | . 1 . Watcher 1 | . 1 . Swarmer 3 | . 3 . Grunt 8 | 1 7 . Assembled 4 | . . 4 Best Kill Streak 4 | 3 3 4 Combat Bots Only 4 | 1 3 4 Max Kills in Single Turn 1 | 1 1 1 Gunslinging . | . . . Exploded 1 | . 1 . Melee . | . . . Uniques/NPCs Destroyed . | . . . Combat | -11 -10 -10 -------- Run | Yrd Mat Min Hostile Shots Fired 101 | 6 62 33 Missed 28 | 2 16 10 Damage Taken 899 | 44 495 360 Core 253 | 12 74 167 Absorbed by Shields . | . . . Regen/Repaired (Parts) 2 | . 2 . Core Remaining (%) 95 | 95 . . Volleys Fired 82 | 12 59 11 Largest 2 | 2 2 2 Hottest 90 | 90 90 80 Shots Fired 137 | 24 93 20 Gun 136 | 24 92 20 Cannon . | . . . Launcher 1 | . 1 . Special . | . . . Kinetic 24 | . 24 . Thermal 98 | 12 66 20 Explosive 1 | . 1 . Electromagnetic 14 | 12 2 . Robot Hit Streak 17 | 7 17 10 Robot Miss Streak 4 | 2 4 2 Penetration Max . | . . . Secondary Targets . | . . . Shots Hit Robots 93 | 14 65 14 Core Hits 39 | 6 24 9 Critical Kills . | . . . Critical Parts Destroyed . | . . . Critical Strikes 3 | 2 1 . Burn 3 | 2 1 . Melee Attacks . | . . . Impact . | . . . Slashing . | . . . Piercing . | . . . Sneak Attacks . | . . . Combat Hostiles . | . . . Follow-up Attacks . | . . . Damage Inflicted 1102 | 180 775 147 Guns 1031 | 179 705 147 Cannons . | . . . Explosions 60 | . 60 . Melee . | . . . Ramming 11 | 1 10 . Kinetic 166 | . 166 . Thermal 720 | 74 499 147 Explosive 60 | . 60 . Electromagnetic 145 | 105 40 . Impact . | . . . Slashing . | . . . Piercing . | . . . Highest Corruption . | . . . Average Corruption . | . . . Corruption Purged . | . . . Corruption Blocked . | . . . Overload Shots . | . . . Overflow Damage . | . . . Projectiles . | . . . Explosions . | . . . Melee . | . . . Knockbacks . | . . . Impact . | . . . Kinetic . | . . . Secondary . | . . . Self-Inflicted Damage 21 | . 21 . Shots 1 | . 1 . Rammed 4 | 1 3 . Targets Rammed 4 | 1 3 . Kicked . | . . . Crushed . | . . . Highest Temperature 304 | 66 304 163 Average Temperature 70 | 28 75 107 Received Heat Transfer 328 | 24 204 100 Effects 1 | . 1 . Interference 1 | . 1 . Siege Activations . | . . . Robots Corrupted . | . . . Combat Hostiles . | . . . Parts Fried 1 | . 1 . Impact Corruptions . | . . . Robots Melted . | . . . Combat Hostiles . | . . . Parts Melted 5 | 2 3 . Heat Transferred 2013 | 370 1293 350 Parts Sabotaged . | . . . Parts Stolen . | . . . Parts Stripped . | . . . Power Chain Reactions . | . . . Alert | -11 -10 -10 ------- Run | Yrd Mat Min Peak Influence 238 | 46 238 52 Initial 52 | . 29 52 Average 83 | 24 117 46 Maximum Alert Level 1 | . 1 . Low Security (%) 88 | 100 80 100 Level 1 11 | . 19 . Level 2 . | . . . Level 3 . | . . . Level 4 . | . . . Level 5 . | . . . High Security . | . . . Max Security . | . . . Squads Dispatched 4 | . 4 . Investigation 3 | . 3 . Extermination . | . . . Reinforcement 1 | . 1 . Assault . | . . . Garrison . | . . . Intercept . | . . . Searches Triggered . | . . . Construction Impeded . | . . . Haulers Reinforced . | . . . Active Scanning Responses . | . . . Cargo Convoy Interrupts . | . . . Stealth | -11 -10 -10 --------- Run | Yrd Mat Min Distress Signals 1 | . 1 . Communications Jammed . | . . . Distress Signals . | . . . Times Spotted 40 | 1 19 20 Peak Tracking Total 20 | 1 5 20 Tactical Retreats 2 | . 1 1 Traps | -11 -10 -10 ------- Run | Yrd Mat Min Traps Triggered 1 | . 1 . Indirectly . | . . . Trap Hack Attempts . | . . . Triggered . | . . . Disarmed . | . . . Reprogrammed . | . . . Reused . | . . . Traps Extracted . | . . . Installed . | . . . Triggered . | . . . Machines | -11 -10 -10 ---------- Run | Yrd Mat Min Machines Disabled . | . . . Max in Single Turn . | . . . Machines Repaired . | . . . Machines Dismantled . | . . . Machines Sabotaged . | . . . Overloaded Fab Kills . | . . . Hacking | -11 -10 -10 --------- Run | Yrd Mat Min Machines Accessed 5 | . 5 . Terminals 4 | . 4 . Fabricators . | . . . Repair Stations 1 | . 1 . Recycling Units . | . . . Scanalyzers . | . . . Garrison Access . | . . . Total Hacks 12 | . 12 . Successful 8 | . 8 . Failed 4 | . 4 . Catastrophic . | . . . Database Lockouts . | . . . Manual . | . . . Terminals 9 | . 9 . Fabricators . | . . . Repair Stations 3 | . 3 . Recycling Units . | . . . Scanalyzers . | . . . Garrison Access . | . . . Terminal Hacks 5 | . 5 . Record 1 | . 1 . Repair Station Index 1 | . 1 . Scanalyzer Index 1 | . 1 . Alert Level 1 | . 1 . Hauler Manifests 1 | . 1 . Fabricator Hacks . | . . . Repair Station Hacks 3 | . 3 . Scan Component 1 | . 1 . Repair 1 | . 1 . Refit 1 | . 1 . Recycling Unit Hacks . | . . . Scanalyzer . | . . . Garrison Access Hacks . | . . . Unauthorized Hacks . | . . . Terminals . | . . . Fabricators . | . . . Repair Stations . | . . . Recycling Units . | . . . Scanalyzers . | . . . Garrison Access . | . . . Data Cores Recovered . | . . . Used . | . . . Hacking Detections 4 | . 4 . Full Trace Events 2 | . 2 . Feedback Events . | . . . Feedback Blocked . | . . . Robot Schematics Acquired . | . . . Robots Built . | . . . Authchips . | . . . Time . | . . . Total Robot Build Rating . | . . . Part Schematics Acquired . | . . . Parts Built . | . . . Authchips . | . . . Time . | . . . Total Part Build Rating . | . . . Parts Repaired 1 | . 1 . Time 36 | . 36 . Parts Recycled . | . . . Recycled Matter . | . . . Retrieved Matter . | . . . Retrieved Components . | . . . Parts Scanalyzed . | . . . Part Schematics Acquired . | . . . Parts Damaged . | . . . Bothacking | -11 -10 -10 ------------ Run | Yrd Mat Min Used RIF Installer . | . . . Robots Hacked . | . . . Non-combat . | . . . Combat . | . . . Robot Hacks Applied . | . . . Relay Couplers Released . | . . . Fabnet Peak Effective % . | . . . Robots Rewired . | . . . Allies Hacked . | . . . Hacks Repelled . | . . . Allies | -11 -10 -10 -------- Run | Yrd Mat Min Total Allies 3 | . . 3 Largest Group 3 | . . 3 Highest-Rated Group 40 | . . 40 Highest-Rated Ally 16 | . . 16 Total Orders . | . . . Ally Attacks 10 | . . 10 Total Damage 86 | . . 86 Kills 2 | . . 2 Allies Corrupted . | . . . Allies Melted . | . . . Intel | -11 -10 -10 ------- Run | Yrd Mat Min Robot Analysis Total . | . . . Derelict Logs Recovered 2 | . . 2 Drone Launches . | . . . Drone Recoveries . | . . . Exploration | -11 -10 -10 ------------- Run | Yrd Mat Min Turns Passed 1316 | 199 745 372 Spaces Moved 956 | 173 450 333 Core 25 | 19 . 6 Treads . | . . . Legs . | . . . Wheels 834 | 154 365 315 Hover 97 | . 85 12 Flight . | . . . Fastest Speed 50 | 50 80 95 Average Speed 104 | 76 117 102 Slowest Speed 250 | 80 245 250 Overloaded Moves . | . . . Propulsion Burnouts . | . . . Robots Hopped . | . . . Cave-ins Triggered . | . . . Exploration Rate (%) 43 | 5 54 71 Regions Visited 2 Branch Regions 1 Pre-discovered Areas . | . . . Known Exits Taken . | . . . Unknown Exits Taken 2 | 1 1 . Scrap Searched 1 | . . 1 Spaces Dug . | . . . Terrain Destroyed 8 | . 8 . Melee . | . . . Projectile . | . . . AOE 8 | . 8 . Terrain Rammed . | . . . Walls Destroyed . | . . . Machines Disabled . | . . . Actions | -11 -10 -10 --------- Run | Yrd Mat Min Total 1134 | 216 574 344 Wait 50 | 10 40 . Move 954 | 172 449 333 Hop . | . . . Pick Up 18 | 12 6 . Fast Attach 6 | 1 5 . Attach 8 | 5 3 . Detach 1 | . 1 . Swap 6 | . 6 . Drop 5 | 3 2 . Fire 82 | 12 59 11 Melee . | . . . Ram 4 | 1 3 . Kick . | . . . Crush . | . . . Escape Stasis . | . . . Rewire . | . . . Trap . | . . . Miscellaneous . | . . . Route ------- -11/Scrapyard -10/Materials (discovered 2 exits: [*Mat] / [*Min]) -10/Mines (discovered 1 exit: [*Mat]) History --------- Turn | Location | Event 2 | -11/Scrapyard | Met Revision 17 57 | -11/Scrapyard | Discovered new exit (range 8) 200 | -11/Scrapyard | Entered Materials 315 | -10/Materials | Build established: Mutant 530 | -10/Materials | Discovered new exit (range 13) 622 | -10/Materials | Discovered new exit (range 7) 700 | -10/Materials | Repaired Corrupted Signal Interpreter 945 | -10/Materials | Entered Mines 1000 | -10/Mines | Discovered new exit (range 5) 1064 | -10/Mines | Learned Materials terminal intel 1097 | -10/Mines | Assisted by bots powering up and referring to "LRC-V3" 1265 | -10/Mines | Assembled infested the area 1283 | -10/Mines | Core integrity fell below 50% 1315 | -10/Mines | Core integrity fell below 20% 1317 | -10/Mines | Destroyed by as-35602 with Assembled Heavy Rifle Last Messages --------------- 01097_ Trooper 1a: "Hello LRC-V3. What is your command?" 01097_ Mercenary 1a: "Hello LRC-V3. What is your command?" 01097_ Trooper 1b: "Hello LRC-V3. What is your command?" 01265_ ALERT: Infestation in the mines, dispatching Demolisher response squad. [Achievement: Hunted] 01273_ Backup Propulsion I destroyed. 01278_ Lgt. Armor Plating destroyed. 01280_ as-76940 destroyed. 01281_ Wheel destroyed. 01283_ as-23560 destroyed. 01285_ as-32566 destroyed. 01286_ Trooper 1b destroyed. 01286_ Mercenary 1a destroyed. 01289_ as-99358 destroyed. 01292_ Trooper 1a destroyed. 01295_ as-24606 destroyed. 01302_ Lgt. Ion Engine destroyed. 01303_ as-45541 destroyed. 01306_ Sml. Laser destroyed. Map ----- +----------------------------------------------------+ | | | | | | | | | | | | | | | | | | | | | | | | | ?????????????????????????????????????????????? | | ??????????????##?????????????????####????????? | | ?????????????## #######????????## ##???????? | | ????????????## #????????# ####????? | | ????????????# % ########## ##???? | | ?????# ####% % #???? | | ????# ???????# a ## #???? | | ?????" ???????????##a############### ##???? | | ?????????????????????#a#????????####### #????? | | ?????????????????????#%#???###### ## #????? | | ????????????????????##a##?## # ###### | | ???????????????????## ### r aa | | ??????????????????## | | ??????????????????# @ ##### | | ??????????????????# ### ##???# | | ??????????????????## ##?## ##???## | | ???????????????????###???# ###??## | | ?????????????????????????# ##??? | | ????????????????????????# #??? | | ????????????????????????# #??? | | ????????????????????????# ##??? | | ????????????????????????# ##???? | | ????????????????????????# #????? | | ???????????????????????? ###### #????? | | ????????????????????????? ????## #????? | | ????????????????????????? ??????# #??### | | ????????????????????????????????# ##?## | | ????????????????????????????????# #??# | | ???????????????????????# ??????# #### | | ????????????????????????# ?????# ## | | ?????????????????????????# ????# | | ??????????????????????????# ??## | | ???????????????????????????# ## #### | | ???????????????????? ?????# ##??## | | ?????????????????? #????# #???## | | ????????????????? ###### ## ##??# | | ????????????????? ####?## #??# | | ??????????????????# ?????## #??## | +----------------------------------------------------+ Best States ------------- Heat Dissipation 25 Energy Generation 10 Energy Capacity 125 Matter Stores 300 Matter Capacity 300 Sight Range 16 Robot Scan Range 14 Terrain Scan Range 16 Terrain Scan Density 10 Armor Coverage 150 Evasion (%) 50 Item Schematics ----------------- None Robot Schematics ------------------ None Fabricated ------------ Nothing Alien Tech Used ----------------- None Achievements -------------- Crack Shot Hunted Challenges ------------ None Game ------ Seed BiometalLongswordNetwork Manual? 0 Play Time 00:28:47 Cumulative 3.1 hours Start 2024.04.05 @ 19:21:41 End 2024.04.05 @ 20:02:08 Sessions 1 Manual Loads 0 Difficulty Rogue Special Mode None Game No. 2 Rogue 2 Adventurer 0 Explorer 0 Win Type - Total 0 Types 0/0/0/0/0/0/0/0/0 Lore% 1 Gallery% 5 Achievement% 5 Wizard Run 0 Options --------- Layout 0 ASCII 0 Keyboard 0 Movement Numpad Keybinds 0 Fullscreen 1 Font 18/SmallcapsGlow Map View 76x50 Zoom Use 0% Tactical HUD 1 Map Filters NONE Filters NONE Steam 1 RUN: d5353202-1531-4812-879e-bae9deb915fc